 Dungeon Sprint DCSS version 0.21-a0-55-gb612c23 (webtiles) character file.

47792 Kidiri the Brawler (level 13, -10/146 HPs)
             Began as a Troll Monk on June 15, 2017.
             Was a Priest of Wu Jian.
             Shot with an arrow by a deep elf master archer (26 damage)
             ... in the Dungeon (Sprint III: "The Ten Rune Challenge").
             The game lasted 00:26:11 (3210 turns).

Kidiri the Brawler (Troll Monk)                     Turns: 3210, Time: 00:26:12

Health: -10/146    AC: 13    Str: 26    XL:     13   Next: 44%
Magic:  12/12      EV: 20    Int:  6    God:    Wu Jian [***...]
Gold:   1450       SH:  0    Dex: 18    Spells: 12/12 levels left

rFire    + . .     SeeInvis .     - Unarmed
rCold    + . .     Gourm    +   (no shield)
rNeg     . . .     Faith    .   A - +2 robe {rC+}
rPois    .         Spirit   .   s - +1 hat
rElec    .         Reflect  .   k - +1 cloak
rCorr    .         Harm     .   (gloves unavailable)
MR       +....     NoTele   +   (boots unavailable)
Stlth    ++........             (no amulet)
HPRegen  0.74/turn              v - ring of flight
MPRegen  0.13/turn              i - ring "Faivoen" {+Fly MR+}

@: lethally poisoned (-10 -> -18), flying, glowing, heavenly storm
A: unfitting armour, claws 3, thin skeletal structure 1, yellow scales 1, fire
resistance 1, fast metabolism 3, gourmand, regeneration 1, shaggy fur 1, strong
2, tough skin 2
}: 1/10 runes: serpentine
a: Renounce Religion, Stop Flying


You were in the Dungeon.
You worshipped Wu Jian.
Wu Jian was most pleased with you.
You were not hungry.

You visited 1 branch You collected 2057 gold pieces.
You spent 607 gold pieces at shops.

Inventory:

Hand Weapons
 j - a +0 shortbow of flaming
 y - the +8 quarterstaff of the Secret Princes {speed, Str+2}
   (You took it off a deep elf high priest in the Dungeon)

   Attacks with this weapon are significantly faster.
   It affects your strength (+2).
Missiles
 m - 12 arrows
Armour
 k - a +1 cloak (worn)
 s - a +1 hat (worn)
 A - a +2 robe of cold resistance (worn)
Jewellery
 i - the ring "Faivoen" (right claw) {+Fly MR+}
   (You took it off a deep elf high priest in the Dungeon)

   [ring of flight]

   It affects your resistance to hostile enchantments.
   It lets you fly.
 v - a ring of flight (left claw)
Scrolls
 h - a scroll of blinking
 l - a scroll of torment
 n - 2 scrolls of remove curse {unknown}
 q - a scroll of holy word
 w - a scroll of fear
 x - 4 scrolls of amnesia {unknown}
Potions
 a - a potion of heal wounds
 c - 6 potions of curing
 d - a potion of cancellation
 e - a potion of haste
 f - 3 potions of magic
 g - 2 potions of berserk rage
 p - 4 potions of flight
 r - a potion of ambrosia
 t - 2 potions of brilliance
Comestibles
 b - 2 bread rations
 o - 27 royal jellies


   Skills:
 * Level 14.1 Fighting
 + Level 6.9 Bows
 + Level 10.2 Armour
 * Level 14.2 Dodging
 * Level 11.3 Stealth
 * Level 16.4 Unarmed Combat


You had 12 spell levels left.
You didn't know any spells.

Dungeon Overview and Level Annotations

Branches:
Dungeon (1/1)

Altars:
Cheibriados
Dithmenos
Elyvilon
Fedhas
Gozag
Hepliaklqana
Kikubaaqudgha
Makhleb
Nemelex Xobeh
Okawaru
Qazlal
Ru
Sif Muna
Trog
Uskayaw
Vehumet
Wu Jian
Xom
Yredelemnul
Zin
The Shining One
Beogh
Jiyva
Lugonu

Shops:
D (:%!==!:%(=}?[:*

Annotations:
D exclusions: 5 doors and 2 more exclusions


Innate Abilities, Weirdness & Mutations

You are too large for most types of armour.
You have claws for hands.
Your metabolism is lightning-fast.
You like to eat raw meat.
Your natural rate of healing is unusually fast.
You are covered in fur. (AC +1)
You have very tough skin. (AC +2)
You have a somewhat thin skeletal structure. (Dex +2, Stealth)
You are partially covered in yellow scales. (AC +2)
Your flesh is heat resistant. (rF+)
Your muscles are very strong. (Str +4)


Message History

You spin and attack the deep elf master archer repeatedly.
You barely miss the deep elf master archer.
The deep elf master archer is heavily wounded.
You eviscerate the deep elf master archer!!!
The deep elf master archer is almost dead.
The deep elf annihilator gestures at you while chanting.
The poison arrow hits you!
You are poisoned.
* * * LOW HITPOINT WARNING * * *
The deep elf master archer shoots an arrow.
The arrow hits you!!
* * * LOW HITPOINT WARNING * * *
You hear a splash.
The deep elf master archer shoots an arrow.
The arrow closely misses you.
You hear a splash.
You feel sick. The deep elf annihilator misses you.
The deep elf master archer shoots an arrow.
The arrow hits you!!
You die...

▓ ▓▓▓▓▓ # ####.#.#######
########
###.##...'.#.§§##§§§.'....
...).....#.#..§##§§§§##..#
.)))...###.#§§§§@§e§§(....
.))[...# #.#..§##§§§§##..
####...###.'§§§##e§§§'.... #
#..#..##################
###########################
.§≈≈§.#.'...'.#.#.#.+...≈≈#
#§≈≈#.#.#...##.#.#.##...≈≈###
#§§§#.#.#)).#.#.#.#.#...≈≈≈≈#
#.§§#...#...##.#.#.##...≈≈≈≈#


You could see a deep elf master archer and a deep elf annihilator.

Vanquished Creatures
  Rupert (D)
  Gastronok (D)
  Dowan (D)
  A nagaraja (D)
  2 dire elephants (D)
  Snorg (D)
  A deep elf death mage (D)
  A deep elf high priest (D)
  A naga warrior (D)
  A centaur warrior (D)
  2 anacondas (D)
  4 death yaks (D)
  Urug (D)
  4 orc high priests (D)
  A deep elf knight (D)
  2 unseen horrors (D)
  An orange crystal statue (D)
  A lindwurm (D)
  An orc knight (D)
  2 orc sorcerers (D)
  7 deep elf magi (D)
  6 black mambas (D)
  2 elephants (D)
  A guardian serpent (D)
  Duvessa (D)
  2 spiny frogs (D)
  A rime drake (D)
  A komodo dragon (D)
  3 wandering mushrooms (D)
  A queen bee (D)
  2 tyrant leeches (D)
  8 blink frogs (D)
  3 redbacks (D)
  A shadow (D)
  2 nagas (D)
  A spatial vortex (D)
  6 water moccasins (D)
  A swamp drake (D)
  2 orc warriors (D)
  A necrophage (D)
  2 centaurs (D)
  An earth elemental (D)
  A water elemental (D)
  32 killer bees (D)
  3 orc priests (D)
  A jelly (D)
  Crazy Yiuf (D)
  2 orc wizards (D)
  A wizard (D)
  Jessica (D)
  A necromancer (D)
  3 humans (D)
  A kobold demonologist (D)
  An adder (D)
  2 oozes (D)
  8 orcs (D)
  A rat (D)
  9 plants (D)
153 creatures vanquished.

Vanquished Creatures (others)
  2 draconian scorchers (D)
  6 hellions (D)
  2 yaktaurs (D)
  8 plants (D)
18 creatures vanquished.

Grand Total: 171 creatures vanquished

Notes
Turn   | Place    | Note
-------+----------+-------------------------------------------
     0 | D        | Kidiri the Troll Monk began the quest for the Orb.
     0 | D        | Reached XP level 1. HP: 22/22 MP: 0/0
     6 | D        | Reached XP level 2. HP: 29/29 MP: 1/1
    13 | D        | Noticed Jessica
    15 | D        | Killed Jessica
    15 | D        | Reached skill level 1 in Armour
    15 | D        | Reached skill level 4 in Unarmed Combat
    15 | D        | Reached XP level 3. HP: 31/37 MP: 2/2
    55 | D        | Noticed Crazy Yiuf
    58 | D        | Killed a yaktaur
    63 | D        | Killed Crazy Yiuf
    63 | D        | Reached skill level 5 in Unarmed Combat
    63 | D        | Reached XP level 4. HP: 47/48 MP: 3/3
    64 | D        | Killed a hellion
    64 | D        | Killed a hellion
    87 | D        | Gained mutation: Your body sometimes deteriorates upon taking damage. [potion of mutation]
    87 | D        | Gained mutation: Armour fits poorly on your strangely shaped body. [potion of mutation]
    87 | D        | Gained mutation: Your system is resistant to poisons. (rPois) [potion of mutation]
    88 | D        | Lost mutation: Armour fits poorly on your strangely shaped body. [potion of mutation]
    88 | D        | Lost mutation: Your body sometimes deteriorates upon taking damage. [potion of mutation]
    88 | D        | Gained mutation: Your mind is acute. (Int +2) [potion of mutation]
    89 | D        | Lost mutation: Your mind is acute. (Int +2) [potion of mutation]
    89 | D        | Lost mutation: Your system is resistant to poisons. (rPois) [potion of mutation]
    89 | D        | Gained mutation: You are dopey. (Int -2) [potion of mutation]
    89 | D        | Gained mutation: You are very dopey. (Int -4) [potion of mutation]
    89 | D        | Gained mutation: You have large cloven feet. [potion of mutation]
    89 | D        | Gained mutation: You possess an exceptional clarity of mind. [potion of mutation]
    90 | D        | Lost mutation: You are very dopey. (Int -4) [potion of mutation]
    90 | D        | Lost mutation: You possess an exceptional clarity of mind. [potion of mutation]
    90 | D        | Gained mutation: You are agile. (Dex +2) [potion of mutation]
    91 | D        | Lost mutation: You are agile. (Dex +2) [potion of mutation]
    91 | D        | Lost mutation: You are dopey. (Int -2) [potion of mutation]
    91 | D        | Lost mutation: You have large cloven feet. [potion of mutation]
    91 | D        | Gained mutation: Your muscles are strong. (Str +2) [potion of mutation]
    91 | D        | Gained mutation: You have a pair of small horns on your head. [potion of mutation]
   102 | D        | Killed a hellion
   103 | D        | Killed a hellion
   103 | D        | Killed a hellion
   120 | D        | Noticed a water elemental
   129 | D        | Killed a water elemental
   129 | D        | Reached XP level 5. HP: 29/55 MP: 4/4
   141 | D        | Killed a hellion
   173 | D        | Found an ornate altar of the Wu Jian Council.
   173 | D        | Found an iron altar of Okawaru.
   174 | D        | Found a roughly hewn altar of Beogh.
   174 | D        | Found a bloodstained altar of Trog.
   174 | D        | Found a hide-covered altar of Uskayaw.
   174 | D        | Noticed a human
   174 | D        | Noticed a human
   176 | D        | Became a worshipper of the Wu Jian Council
   176 | D        | Reached * piety under Wu Jian
   176 | D        | Reached ** piety under Wu Jian
   179 | D        | Killed a human
   179 | D        | Reached skill level 5 in Fighting
   179 | D        | Reached skill level 5 in Dodging
   179 | D        | Reached skill level 6 in Unarmed Combat
   179 | D        | Reached XP level 6. HP: 61/66 MP: 5/5
   185 | D        | Killed a human
   185 | D        | Reached skill level 7 in Unarmed Combat
   188 | D        | Killed a white draconian scorcher
   199 | D        | Found a radiant altar of Vehumet.
   200 | D        | Found a deep blue altar of Sif Muna.
   200 | D        | Found an ancient bone altar of Kikubaaqudgha.
   201 | D        | Killed a white draconian scorcher
   204 | D        | Noticed a rust devil
   204 | D        | Reached *** piety under Wu Jian
   225 | D        | Found a glowing silver altar of Zin.
   226 | D        | Found a glowing golden altar of the Shining One.
   226 | D        | Found a white marble altar of Elyvilon.
   226 | D        | Noticed a deep elf mage
   230 | D        | Noticed an ice beast
   231 | D        | Killed a deep elf mage
   231 | D        | Reached skill level 5 in Stealth
   231 | D        | Reached skill level 8 in Unarmed Combat
   231 | D        | Reached XP level 7. HP: 76/78 MP: 6/6
   245 | D        | Found a basalt altar of Yredelemnul.
   245 | D        | Found a shadowy altar of Dithmenos.
   245 | D        | Found a sacrificial altar of Ru.
   264 | D        | Noticed a shadow
   268 | D        | Killed a shadow
   268 | D        | Reached **** piety under Wu Jian
   268 | D        | Reached skill level 9 in Unarmed Combat
   268 | D        | Reached XP level 8. HP: 51/87 MP: 7/7
   353 | D        | Found a blossoming altar of Fedhas.
   353 | D        | Found a stormy altar of Qazlal.
   353 | D        | Found a snail-covered altar of Cheibriados.
   353 | D        | Found a burning altar of Makhleb.
   353 | D        | Found a shimmering altar of Xom.
   354 | D        | Found a hazy altar of Hepliaklqana.
   354 | D        | Found an opulent altar of Gozag.
   354 | D        | Found a sparkling altar of Nemelex Xobeh.
   354 | D        | Found a corrupted altar of Lugonu.
   354 | D        | Found a viscous altar of Jiyva.
   395 | D        | Noticed Snorg
   399 | D        | Killed Snorg
   399 | D        | Reached skill level 5 in Armour
   399 | D        | Reached skill level 10 in Unarmed Combat
   399 | D        | Reached XP level 9. HP: 97/97 MP: 8/8
   452 | D        | Noticed a centaur warrior
   458 | D        | Killed a centaur warrior
   461 | D        | Reached ***** piety under Wu Jian
   510 | D        | Noticed an unseen horror
   511 | D        | Noticed an unseen horror
   514 | D        | Killed an unseen horror
   514 | D        | Reached skill level 11 in Unarmed Combat
   521 | D        | Killed an unseen horror
   521 | D        | Reached skill level 1 in Bows
   521 | D        | Reached XP level 10. HP: 82/109 MP: 9/9
   676 | D        | Reached skill level 10 in Dodging
   720 | D        | Reached skill level 10 in Fighting
   723 | D        | Reached ****** piety under Wu Jian
   915 | D        | Reached skill level 12 in Unarmed Combat
  1017 | D        | Noticed a spiny frog
  1017 | D        | Noticed a spiny frog
  1019 | D        | Killed a spiny frog
  1019 | D        | Killed a spiny frog
  1185 | D        | Noticed a lindwurm
  1195 | D        | Killed a lindwurm
  1195 | D        | Reached XP level 11. HP: 96/119 MP: 10/10
  1232 | D        | Noticed Urug
  1234 | D        | Killed Urug
  1262 | D        | Reached skill level 13 in Unarmed Combat
  1391 | D        | Noticed Rupert
  1397 | D        | Killed Rupert
  1404 | D        | Noticed a death yak
  1406 | D        | Noticed a death yak
  1439 | D        | Noticed a death yak
  1439 | D        | Noticed a death yak
  1440 | D        | Killed a death yak
  1450 | D        | Killed a death yak
  1452 | D        | Killed a death yak
  1452 | D        | Reached skill level 14 in Unarmed Combat
  1455 | D        | Killed a death yak
  1465 | D        | Reached XP level 12. HP: 30/132 MP: 11/11
  1477 | D        | Noticed an azure jelly
  1477 | D        | Noticed an azure jelly
  1657 | D        | Noticed an anaconda
  1662 | D        | Killed an anaconda
  1662 | D        | Reached skill level 5 in Bows
  1733 | D        | Noticed an anaconda
  1738 | D        | Killed an anaconda
  1738 | D        | Reached skill level 10 in Stealth
  1788 | D        | Noticed a naga warrior
  1788 | D        | Noticed a nagaraja
  1791 | D        | Found Bosuarum's Antique Weapon Boutique.
  1791 | D        | Found Vairug's Book Emporium.
  1792 | D        | Found Qevom's Food Shop.
  1792 | D        | Killed a nagaraja
  1792 | D        | Reached skill level 15 in Unarmed Combat
  1795 | D        | Killed a naga warrior
  1874 | D        | Got a serpentine rune of Zot
  1890 | D        | Gained mutation: You are partially covered in yellow scales. (AC +2) [mutagenic meat]
  1891 | D        | Gained mutation: Your flesh is heat resistant. (rF+) [mutagenic meat]
  1892 | D        | Gained mutation: You have a somewhat thin skeletal structure. (Dex +2, Stealth) [mutagenic meat]
  1893 | D        | Gained mutation: Your muscles are very strong. (Str +4) [mutagenic meat]
  1894 | D        | Lost mutation: You have a pair of small horns on your head. [mutagenic meat]
  1957 | D        | Noticed an azure jelly
  1957 | D        | Noticed an azure jelly
  1958 | D        | Noticed a dire elephant
  1958 | D        | Noticed a dire elephant
  1958 | D        | Noticed Gastronok
  1962 | D        | Killed a dire elephant
  1967 | D        | Killed a dire elephant
  1973 | D        | Killed Gastronok
  2146 | D        | Found Deref's Distillery.
  2149 | D        | Noticed an orc high priest
  2155 | D        | Reached XP level 13. HP: 130/144 MP: 12/12
  2291 | D        | Noticed a deep elf annihilator
  2292 | D        | Reached skill level 16 in Unarmed Combat
  2338 | D        | Bought a potion of curing for 36 gold pieces
  2338 | D        | Bought a potion of flight for 36 gold pieces
  2338 | D        | Bought a potion of flight for 36 gold pieces
  2338 | D        | Bought a potion of heal wounds for 60 gold pieces
  2338 | D        | Bought a potion of curing for 36 gold pieces
  2383 | D        | Noticed Dowan
  2383 | D        | Noticed Duvessa
  2391 | D        | Killed Dowan
  2391 | D        | Reached skill level 10 in Armour
  2396 | D        | Killed Duvessa
  2650 | D        | Found Yklit's Antique Weapon Emporium.
  2650 | D        | Found Caquiclo's Gadget Shop.
  2650 | D        | Found Mino's Book Boutique.
  2650 | D        | Found Nuopias's Assorted Antiques.
  2650 | D        | Found Lygi Roost's Food Boutique.
  2650 | D        | Found Rank's Jewellery Emporium.
  2650 | D        | Found Zitwinle's Distillery.
  2650 | D        | Found Maps's Book Shop.
  2650 | D        | Found Ymaet's Jewellery Shop.
  2650 | D        | Found Joaxauw's Antique Armour Emporium.
  2650 | D        | Found Gemp's Jewellery Emporium.
  2650 | D        | Found Eneipibb's Magic Scroll Boutique.
  2676 | D        | Bought a scroll of identify for 24 gold pieces
  2676 | D        | Bought a scroll of identify for 24 gold pieces
  2676 | D        | Bought a scroll of identify for 24 gold pieces
  2676 | D        | Bought a scroll of fear for 42 gold pieces
  2676 | D        | Bought a scroll of identify for 24 gold pieces
  2676 | D        | Bought a scroll of enchant armour for 90 gold pieces
  2706 | D        | Bought an uncursed ring of flight for 175 gold pieces
  2820 | D        | Got a brightly glowing copper ring
  2821 | D        | Got a bloodstained quarterstaff {speed}
  2825 | D        | Identified the ring "Faivoen" {+Fly MR+} (You took it off a deep elf high priest in the Dungeon)
  2866 | D        | Noticed a deep elf annihilator
  2870 | D        | Noticed a deep elf death mage
  2901 | D        | Noticed a deep elf master archer
  2933 | D        | Identified the +8 quarterstaff of the Secret Princes {speed, Str+2} (You took it off a deep elf high priest in the Dungeon)
  2994 | D        | Killed a deep elf death mage
  3210 | D        | Shot with an arrow by a deep elf master archer

Vault maps used:
D:        dungeon_sprint_mu

Skill      XL: |  1  2  3  4  5  6  7  8  9 10 11 12 13 |
---------------+----------------------------------------+-----
Fighting       | 3 4 5 7 8 9 10 12 13 14 | 14.1
Armour         | 1 2 3 4 5 6 7 8 9 10 | 10.2
Dodging        | 3 4 5 7 8 9 11 12 13 14 | 14.2
Stealth        | 2 3 5 6 7 8 9 10 11 | 11.3
Unarmed Combat | 4 5 6 8 9 10 11 12 14 15 16 | 16.4
Bows           | 1 3 4 6 |  6.9

Action                   |  1- 3 |  4- 6 |  7- 9 | 10-12 | 13-15 || total
-------------------------+-------+-------+-------+-------+-------++-------
Melee: Unarmed           |    16 |    25 |    44 |   315 |    98 ||   498
       Headbutt          |       |     6 |     9 |    57 |       ||    72
       Punch             |       |     3 |     3 |    22 |    10 ||    38
       Shortbow          |       |       |     1 |       |       ||     1
 Fire: Shortbow          |       |       |       |     4 |    54 ||    58
Invok: Serpent's Lash    |       |       |     1 |    11 |     3 ||    15
       Heavenly Storm    |       |       |     1 |     8 |     5 ||    14
 Abil: Evoke Flight      |       |       |       |       |     1 ||     1
  Use: Potion            |       |     5 |       |     1 |       ||     6
       Scroll            |       |     2 |       |       |     5 ||     7
 Stab: Sleeping          |       |     6 |     4 |     9 |     2 ||    21
       Distracted        |       |       |       |     5 |       ||     5
  Eat: Chunk             |       |     7 |     3 |    18 |     8 ||    36
Armor: Robe              |     2 |     1 |     1 |    29 |     3 ||    36
Dodge: Dodged            |     5 |     5 |    23 |   170 |    30 ||   233
